cohdb
Replays
Latest Replays
All Replays
Popular Replays
Top Player Replays
Match Explorer
How It Works
Community
CoH3 Stats
Reddit
Sign in to upload your games and track your stats! →
Sign in with Steam
Match 42940838
Unlisted
Match 42940838
Overview
Messages
Build Orders
End
250 Light Carrier
Selects Armored Support Battlegroup
Panzergrenadier Squad
Panzergrenadier Squad
Construct Light Support Kompanie
Construct Mechanized Kompanie
Combat Half-tracks
Selects Salvage Kits
Assault Mechanized Group
Vehicle Survival Package
Construct Panzerarmee Kommand
Selects Veteran Gunners
Panzer III L Medium Tank
Emergency Repair Kits
Selects Panzer Storm
Panzer III L Medium Tank
Panzerjäger Squad
Armored Reserves
Tungsten Core Ammunition
Dreamerpython
清里せんめ[Monster™]
XandersXIV
simranjitsingh713
Hammerdon
Schmu
Tamás
bunengren
0
0
Comments
sign in to comment!
No comments posted yet!